 Dungeon Crawl Stone Soup version 0.28-a0-662-g1651b1f1e0 (webtiles) character file.

Game seed: 11594750824468528280

1178 MisterFreud the Cutter (level 8, -4/67 HPs)
             Began as a Gnoll Cinder Acolyte on Oct 14, 2021.
             Was a High Priest of Ignis.
             Slain by a wyvern zombie (10 damage)
             ... on level 6 of the Dungeon.
             The game lasted 00:06:33 (7332 turns).

MisterFreud the Cutter (Gnoll Cinder Acolyte)       Turns: 7332, Time: 00:06:33

Health: -4/67      AC:  4    Str: 15    XL:     8   Next: 41%
Magic:  14/14      EV: 12    Int: 15    God:    Ignis [*****.]
Gold:   183        SH:  0    Dex:  7    Spells: 15/15 levels left

rFire   + . .      SeeInvis .   m - +1 dagger (venom)
rCold   . . .      Faith    .   (no shield)
rNeg    . . .      Spirit   .   b - +0 robe
rPois   .          Reflect  .   (no helmet)
rElec   .          Harm     +   A - scarf {harm}
rCorr   .          Rampage  .   y - +0 pair of gloves
Will    .....                   h - +0 pair of boots
Stlth   +.........              (no amulet)
HPRegen 0.21/turn               q - +4 ring of slaying
MPRegen 0.14/turn               l - ring of flight

@: confused, brilliant, ambrosia-drunk, flying
A: fangs 1, strong nose, distributed training
a: Renounce Religion, Sea of Fire, Foxfire Swarm, Rising Flame


You were on level 6 of the Dungeon.
You worshipped Ignis.
Ignis was extremely pleased with you.
You visited 1 branch of the dungeon, and saw 6 of its levels.

You collected 183 gold pieces.

Inventory:

Hand Weapons
 a - a -1 short sword of flaming
 g - a +1 dagger of draining
 m - a +1 dagger of venom (weapon)
Armour
 b - a +0 robe (worn)
 h - a +0 pair of boots (worn)
 y - a +0 pair of gloves (worn)
 A - a scarf of harm (worn)
Jewellery
 l - a ring of flight (right hand)
 q - a +4 ring of slaying (left hand)
Wands
 r - a wand of flame (37)
Scrolls
 d - 5 scrolls of identify {unknown}
 e - 2 scrolls of teleportation {unknown}
 n - 2 scrolls of noise {unknown}
 s - a scroll of fear {unknown}
 u - 2 scrolls of immolation {unknown}
 v - a scroll of amnesia {unknown}
 x - a scroll of silence {unknown}
 B - a scroll of enchant armour {unknown}
Potions
 c - a potion of ambrosia
 f - 2 potions of brilliance
 i - 2 potions of flight {unknown}
 j - a potion of curing {unknown}
 k - a potion of might {unknown}
 o - a potion of attraction {unknown}
 p - 2 potions of invisibility {unknown}
 t - a potion of mutation {unknown}
 w - a potion of degeneration {unknown}
 z - a potion of heal wounds {unknown}


   Skills:
 + Level 7.3 Fighting
 + Level 7.3 Short Blades
 + Level 3.2 Long Blades
 + Level 3.2 Axes
 + Level 3.2 Maces & Flails
 + Level 3.2 Polearms
 + Level 3.2 Staves
 + Level 3.2 Slings
 + Level 3.2 Bows
 + Level 3.2 Crossbows
 + Level 3.2 Throwing
 + Level 3.2 Armour
 + Level 3.2 Dodging
 + Level 3.2 Stealth
 + Level 3.2 Shields
 + Level 3.2 Unarmed Combat
 + Level 4.3 Spellcasting
 + Level 2.6 Conjurations
 + Level 2.6 Hexes
 + Level 2.6 Summonings
 + Level 2.6 Necromancy
 + Level 2.6 Translocations
 + Level 2.6 Transmutations
 + Level 6.1 Fire Magic
 + Level 2.6 Ice Magic
 + Level 2.6 Air Magic
 + Level 2.6 Earth Magic
 + Level 2.6 Poison Magic
 + Level 3.5 Invocations
 + Level 3.2 Evocations


You had 15 spell levels left.
You didn't know any spells.
Your spell library contained the following spells:

 Spells                   Type           Power      Damage    Failure   Level
 Scorch                   Fire           64%        2d8       2%          2
 Alistair's Intoxication  Tmut/Pois      10%        N/A       85%         5
 Borgnjor's Vile Clutch   Necr/Erth      8%         N/A       85%         5
 Eringya's Noxious Bog    Tmut/Pois      8%         N/A       100%        6


Dungeon Overview and Level Annotations

Branches:
Dungeon (6/15)
 Temple: D:4-7

Altars:
Dithmenos
Kikubaaqudgha
Sif Muna
Wu Jian

Shops:
D:1 !

Annotations:
D:4 2 transporters


Innate Abilities, Weirdness & Mutations

You have very sharp teeth.
Your uncanny sense of smell can sniff out nearby items.
Your experience applies equally to all skills.


Message History

The wyvern zombie bites you.
You are too injured to fight recklessly!
You hit the wyvern zombie.
The wyvern zombie is lightly damaged.
The wyvern zombie barely misses you.
You barely miss the wyvern zombie.
The wyvern zombie is lightly damaged.
The wyvern zombie bites you but does no damage.
You are too injured to fight recklessly!
You hit the wyvern zombie but do no damage.
The wyvern zombie is lightly damaged.
You are too injured to fight recklessly!
You hit the wyvern zombie but do no damage.
The wyvern zombie is lightly damaged.
The wyvern zombie bites you!
You barely miss the wyvern zombie.
The wyvern zombie is lightly damaged.
The wyvern zombie bites you!
* * * LOW HITPOINT WARNING * * *
You hit the wyvern zombie.
The wyvern zombie is moderately damaged.
The wyvern zombie closely misses you.
You hit the wyvern zombie.
The wyvern zombie is heavily damaged.
The wyvern zombie barely misses you.
It was a potion of brilliance.
You feel clever all of a sudden. The wyvern zombie bites you.
* * * LOW HITPOINT WARNING * * *
It was a potion of ambrosia.
You are confused.
You feel invigorated. The wyvern zombie barely misses you.
You bump into the rock wall.
The wyvern zombie bites you!
* * * LOW HITPOINT WARNING * * *
The wyvern zombie bites you.
* * * LOW HITPOINT WARNING * * *
You puncture the wyvern zombie!
The wyvern zombie is severely damaged.
The wyvern zombie bites you!
You die...

≈≈≈≈P≈≈P≈..
≈≈≈≈≈≈P≈
≈P≈≈≈ ♣♣..#
#.. #...##
#.. #..$.#
#.# #.#..#
#.# #Z#..#
#.# #@#..#
#.# #.#..#
#.#
#.#..###.#
#........#
###..#####
#..# #..#
#..# ∆ #..#


You could see a wyvern zombie.

Vanquished Creatures
  2 black bears (D:5)
  An ice beast (D:4)
  2 ogres (D:5)
  3 scorpions
  An orc priest (D:3)
  6 hounds
  Ijyb (D:5)
  4 iguanas
  A killer bee zombie (D:6)
  5 gnolls
  3 adders
  A white imp (D:5)
  3 worms
  5 dart slugs
  13 orcs
  9 ball pythons
  4 endoplasms
  7 goblins
  8 hobgoblins
  7 jackals
  6 quokkas
  6 bats
  A frilled lizard (D:1)
  5 kobolds
  5 rats
109 creatures vanquished.

Notes
Turn   | Place    | Note
-------+----------+-------------------------------------------
     0 | D:1      | MisterFreud the Gnoll Cinder Acolyte began the quest for
                  | the Orb.
     0 | D:1      | Reached XP level 1. HP: 23/23 MP: 4/4
   105 | D:1      | Reached XP level 2. HP: 26/29 MP: 5/5
   203 | D:1      | Found Gocua's Distillery.
   307 | D:1      | Found a faded altar of an unknown god.
   538 | D:1      | Reached XP level 3. HP: 15/35 MP: 7/7
  1090 | D:1      | Reached skill level 1 in Invocations
  1827 | D:2      | Reached skill level 1 in Long Blades
  1827 | D:2      | Reached skill level 1 in Axes
  1827 | D:2      | Reached skill level 1 in Maces & Flails
  1827 | D:2      | Reached skill level 1 in Polearms
  1827 | D:2      | Reached skill level 1 in Staves
  1827 | D:2      | Reached skill level 1 in Slings
  1827 | D:2      | Reached skill level 1 in Bows
  1827 | D:2      | Reached skill level 1 in Crossbows
  1827 | D:2      | Reached skill level 1 in Throwing
  1827 | D:2      | Reached skill level 1 in Armour
  1827 | D:2      | Reached skill level 1 in Dodging
  1827 | D:2      | Reached skill level 1 in Stealth
  1827 | D:2      | Reached skill level 1 in Shields
  1827 | D:2      | Reached skill level 1 in Unarmed Combat
  1827 | D:2      | Reached skill level 1 in Evocations
  1949 | D:2      | Reached XP level 4. HP: 33/39 MP: 8/8
  2096 | D:2      | Reached skill level 1 in Conjurations
  2096 | D:2      | Reached skill level 1 in Hexes
  2096 | D:2      | Reached skill level 1 in Summonings
  2096 | D:2      | Reached skill level 1 in Necromancy
  2096 | D:2      | Reached skill level 1 in Translocations
  2096 | D:2      | Reached skill level 1 in Transmutations
  2096 | D:2      | Reached skill level 1 in Ice Magic
  2096 | D:2      | Reached skill level 1 in Air Magic
  2096 | D:2      | Reached skill level 1 in Earth Magic
  2096 | D:2      | Reached skill level 1 in Poison Magic
  2962 | D:3      | Reached XP level 5. HP: 35/47 MP: 9/9
  3550 | D:3      | Reached XP level 6. HP: 3/53 MP: 9/11
  4297 | D:3      | Found a shimmering blue altar of Sif Muna.
  5290 | D:4      | Found an ancient bone altar of Kikubaaqudgha.
  5292 | D:4      | Found a shadowy altar of Dithmenos.
  5292 | D:4      | Noticed an orc warrior
  5294 | D:4      | Noticed a yak
  5301 | D:4      | Found a transporter.
  5316 | D:4      | Noticed an ice beast
  5342 | D:4      | Killed an ice beast
  5343 | D:4      | Reached XP level 7. HP: 17/59 MP: 12/12
  5570 | D:4      | Identified the +7 hand axe "Faaveth" {vorpal, Fly rElec}
  5686 | D:4      | Found an ornate altar of the Wu Jian Council.
  5786 | D:5      | Entered Level 5 of the Dungeon
  6293 | D:4      | Found a transporter.
  6503 | D:5      | Noticed Ijyb
  6515 | D:5      | Killed Ijyb
  6516 | D:5      | Reached XP level 8. HP: 62/67 MP: 14/14
  7331 | D:6      | HP: 3/67 [wyvern zombie (7)]
  7332 | D:6      | Slain by a wyvern zombie

Illustrated notes

Levels and vault maps discovered:
D:1:      dpeg_arrival_rooms_b, layout_basic, ebering_ecumenical_altar_mist,
          serial_shops, shop, roderic_serpentine_path, kennysheep_doodads
D:2:      layout_loops_corners
D:3:      layout_basic, lemuel_blue_sif_altar, hex_large
D:4:      layout_loops_ring, gammafunk_temple_overflow_arena,
          nicolae_wu_jian_immortal_techniques
D:5:      layout_basic, serial_bayou, serial_bayou_pond_e,
          serial_bayou_crossing, serial_bayou_pond_d, serial_bayou_lagoon_a,
          uniq_ijyb
D:6:      layout_loops_ring, serial_bayou, serial_bayou_shore_a,
          serial_bayou_pond_e, serial_bayou_shore_b, serial_bayou_pond_a

Skill      XL: |  1  2  3  4  5  6  7  8 |
---------------+-------------------------+-----
Invocations    | 1 2 3 |  3.5
Long Blades    | 1 2 3 |  3.2
Axes           | 1 2 3 |  3.2
Maces & Flails | 1 2 3 |  3.2
Polearms       | 1 2 3 |  3.2
Staves         | 1 2 3 |  3.2
Slings         | 1 2 3 |  3.2
Bows           | 1 2 3 |  3.2
Crossbows      | 1 2 3 |  3.2
Throwing       | 1 2 3 |  3.2
Armour         | 1 2 3 |  3.2
Dodging        | 1 2 3 |  3.2
Stealth        | 1 2 3 |  3.2
Shields        | 1 2 3 |  3.2
Unarmed Combat | 1 2 3 |  3.2
Evocations     | 1 2 3 |  3.2
Spellcasting   | 3 4 |  4.3
Conjurations   | 1 2 |  2.6
Hexes          | 1 2 |  2.6
Summonings     | 1 2 |  2.6
Necromancy     | 1 2 |  2.6
Translocations | 1 2 |  2.6
Transmutations | 1 2 |  2.6
Ice Magic      | 1 2 |  2.6
Air Magic      | 1 2 |  2.6
Earth Magic    | 1 2 |  2.6
Poison Magic   | 1 2 |  2.6
Fighting       | 7 |  7.3
Short Blades   | 7 |  7.3
Fire Magic     | 6 |  6.1

Action                   |  1- 3 |  4- 6 |  7- 9 || total
-------------------------+-------+-------+-------++-------
Melee: Short sword       |    85 |       |       ||    85
       Bite              |     8 |    17 |    18 ||    43
       Dagger            |    78 |   174 |   127 ||   379
       Punch             |       |       |     1 ||     1
Invok: Sea of Fire       |     1 |       |       ||     1
Evoke: Wand              |       |       |     1 ||     1
  Use: Potion            |       |       |     2 ||     2
 Stab: Sleeping          |     1 |       |     3 ||     4
Armor: Robe              |    27 |    17 |    10 ||    54
Dodge: Dodged            |    75 |    67 |    58 ||   200

Table legend: (Time is in decaauts)
 A = Elapsed time spent in this place.
 B = Non-inter-level travel time spent in this place.
 C = Inter-level travel time spent in this place.
 D = Time resting spent in this place.
 E = Time spent auto-exploring this place.
 F = Levels seen in this place.
 G = Mean time per level.
                   A        B        C        D        E       F      G
               +--------+--------+--------+--------+--------+-----+--------+
         Total |   7182 |   7092 |     90 |    711 |   5523 |   6 | 1197.0 |
       Dungeon |   7182 |   7092 |     90 |    711 |   5523 |   6 | 1197.0 |
               +--------+--------+--------+--------+--------+-----+--------+

Top non-repeatable levels by time:
     D:3: 1898 daAuts
     D:1: 1578 daAuts
     D:2: 1288 daAuts
     D:4: 1200 daAuts
     D:5: 1161 daAuts
     D:6: 54 daAuts
